 Dungeon Crawl Stone Soup version 0.22-a0-353-g2d6336e (webtiles) character file.

11 Chaoticas the Digger (level 2, -2/15 HPs)
             Began as a Gargoyle Earth Elementalist on Apr 15, 2018.
             Slain by a jackal (3 damage)
             ... on level 2 of the Dungeon.
             The game lasted 00:01:18 (92 turns).

Chaoticas the Digger (Gargoyle Earth Elementalist)    Turns: 92, Time: 00:01:19

Health: -2/15      AC:  4    Str: 11    XL:     2   Next: 29%
Magic:  0/5        EV: 12    Int: 15    God:
Gold:   7          SH:  0    Dex: 10    Spells: 4/5 levels left

rFire    . . .     SeeInvis .   e - -3 whip (curse)
rCold    . . .     Gourm    .   (no shield)
rNeg     + . .     Faith    .   c - +0 robe
rPois    ∞         Spirit   .   (no helmet)
rElec    +         Reflect  .   (no cloak)
rCorr    .         Harm     .   (no gloves)
MR       .....                  (no boots)
Stlth    ++........             (no amulet)
HPRegen  0.05/turn              (no ring)
MPRegen  0.09/turn              (no ring)

@: no status effects
A: negative energy resistance 1, electricity resistance, unbreathing,
petrification resistance, rot immunity, AC +2
a: no special abilities


You were on level 2 of the Dungeon.
You were not hungry.

You visited 1 branch of the dungeon, and saw 2 of its levels.

You collected 7 gold pieces.

Inventory:

Hand Weapons
 e - a cursed -3 whip (weapon)
   (You took it off an orc on level 2 of the Dungeon)
 f - a +0 short sword of flaming
   (You took it off an orc on level 2 of the Dungeon)
Missiles
 b - 22 stones (quivered)
Armour
 c - a +0 robe (worn)
Comestibles
 a - a chunk of flesh
 d - a ration


   Skills:
 - Level 1.5 Dodging
 - Level 2.1 Stealth
 + Level 2.2 Spellcasting
   Level 0.7 Transmutations
 * Level 4.2 Earth Magic


You had 4 spell levels left.
You knew the following spells:

 Your Spells              Type           Power        Failure   Level  Hunger
a - Sandblast             Erth           ##....       3%          1    #......


Dungeon Overview and Level Annotations

Branches:
Dungeon (1/15)

Altars:


Innate Abilities, Weirdness & Mutations

You are resistant to torment.
Your stone body is resilient. (AC +2)
You are immune to poison.
You resist negative energy. (rN+)
You are resistant to electric shocks. (rElec)
You can survive without breathing.
You are immune to petrification.
You are immune to rotting.


Message History

an orc corpse Wield which item (- for none, * to show all)? (? for menu, Esc to quit)
It sticks to your hand!
e - a cursed -3 whip (weapon)
You hit the orc. The orc closely misses you.
You barely miss the orc. The orc barely misses you.
You barely miss the orc. The orc barely misses you.
You hit the orc.
You kill the orc!
You aren't carrying any scrolls.
An orc comes into view.
Items here: ) [ ††† a short sword of flaming; a ring mail; a dart slug corpse; an orc corpse a rat corpse
f - a short sword of flaming The orc shouts!
A jackal comes into view.
You butcher the dart slug corpse.
The jackal barks!
You hear a bark!
The orc throws a tomahawk.
The tomahawk hits you.
* * * LOW HITPOINT WARNING * * *
2 jackals come into view.
Items here: % ( [ †† a tomahawk; a ring mail; 2 chunks of flesh; an orc corpse; a rat corpse The jackal bites you.
* * * LOW HITPOINT WARNING * * *
Aim: a jackal The blast of sand hits the jackal.
b - 23 stones The jackal completely misses you.
Aim: a jackal (lightly wounded)
The blast of sand hits the jackal.
b - 22 stones The jackal closely misses you.
The jackal barely misses you. The jackal bites you.
* * * LOW HITPOINT WARNING * * *
You don't have enough magic to cast that spell.
Unknown command.
The jackal bites you.
* * * LOW HITPOINT WARNING * * *
The jackal bites you but does no damage.
You hit the jackal.
The jackal bites you but does no damage. x2
The jackal closely misses you.
You barely miss the jackal.
The jackal bites you but does no damage.
The jackal barely misses you.
The orc throws a tomahawk.
The tomahawk closely misses you. The jackal barely misses you.
You hit the jackal. The jackal bites you.
You die...

#.........#
#.........#
#.........#
#.........#
#.........#
#.........#
#........o###
#......†.h..# #
#.....).@h#(#.####.
###########........
#.........####
#...(.........
r...........###
...h.####o#.# ..h..
.#.# ..h$ .# # ....
..


You could see an orc and 2 jackals.

Vanquished Creatures
  A dart slug (D:2)
  A leopard gecko (D:2)
  3 orcs (D:2)
  A rat (D:2)
6 creatures vanquished.

Notes
Turn   | Place    | Note
-------+----------+-------------------------------------------
     0 | D:1      | Chaoticas the Gargoyle Earth Elementalist began the quest for the Orb.
     0 | D:1      | Reached XP level 1. HP: 10/10 MP: 3/3
     3 | D:1      | You fall through a shaft!
    43 | D:2      | Reached skill level 4 in Earth Magic
    43 | D:2      | Reached XP level 2. HP: 12/15 MP: 0/5
    92 | D:2      | Slain by a jackal

Vault maps used:
D:1:      dpeg_arrival_long_road

Skill      XL: |  1 |
---------------+----+-----
Earth Magic    | 4 |  4.2
Dodging        | |  1.5
Stealth        | |  2.1
Spellcasting   | |  2.2
Transmutations | |  0.7

Action                   || total
-------------------------++-------
Melee: Unarmed           ||     7
       Whip              ||     7
 Cast: Sandblast         ||     8
Armor: Robe              ||     6
Dodge: Dodged            ||    19

Table legend:
 A = Spawn XP
 B = Non-spawn XP
 C = Spawn XP percentage of total XP
 D = Spawn monster count
 E = Non-spawn monster count
 F = Spawn count percentage of total count
 G = Total turns spent on level
                    A         B        C        D         E        F      G
               +---------+---------+-------+---------+---------+-------+---------
         Total |       0 |      17 |   0.0 |       0 |       6 |   0.0 |    92
               +---------+---------+-------+---------+---------+-------+---------
           D:2 |       0 |      17 |   0.0 |       0 |       6 |   0.0 |    89
               +---------+---------+-------+---------+---------+-------+---------
